 Dungeon Crawl Stone Soup version 0.29.1-2-gbd0b4ee654 (webtiles) character file.

Game seed: 6929308044101839687

5058 GeoRichter the Tainter (level 10, 1/47 HPs)
             Began as a Spriggan Hunter on Nov 11, 2022.
             Was a Believer of Fedhas.
             Quit the game in a bailey.
             The game lasted 00:18:48 (8751 turns).

GeoRichter the Tainter (Spriggan Hunter)            Turns: 8751, Time: 00:18:49

Health: 1/47       AC:  2    Str:  9    XL:     10   Next: 31%
Magic:  4/24       EV: 19    Int: 10    God:    Fedhas [**....]
Gold:   268        SH:  0    Dex: 22    Spells: 23/27 levels left

rFire   . . .      SeeInvis +   a - +0 shortbow
rCold   . . .      Faith    .   (shield currently unavailable)
rNeg    . . .      Spirit   .   c - +0 robe
rPois   .          Reflect  .   (helmet restricted)
rElec   .          Harm     .   (no cloak)
rCorr   .          Rampage  .   (gloves unavailable)
Will    ++...                   (boots unavailable)
Stlth   +++.......              s - amulet of the acrobat
HPRegen 0.15/turn               j - ring of flight
MPRegen 0.19/turn               y - ring of willpower

@: lethally poisoned (1 -> -18), flying, very quick
A: very small, no large weapons, unfitting armour, see invisible, speed 3
a: Renounce Religion, Wall of Briars


You were in a bailey.
You worshipped Fedhas.
Fedhas was pleased with you.
You visited 1 branch of the dungeon, and saw 8 of its levels.
You also visited: Bailey.

You collected 391 gold pieces.
You spent 123 gold pieces at shops.

Inventory:

Hand Weapons
 a - a +0 shortbow (weapon)
Missiles
 B - 2 throwing nets {!f}
Armour
 c - a +0 robe (worn)
 H - the -2 hat of the Alchemist {rElec rPois rF+ rC+ rN+ Will+ rMut rCorr}
   (You found it on level 6 of the Dungeon)

   rF:        It protects you from fire.
   rC:        It protects you from cold.
   rElec:     It insulates you from electricity.
   rPois:     It protects you from poison.
   rN:        It protects you from negative energy.
   rCorr:     It protects you from acid and corrosion.
   rMut:      It protects you from mutation.
   Will:      It increases your willpower.
Jewellery
 j - a ring of flight (left hand)
   (You found it on level 2 of the Dungeon)
 s - an amulet of the acrobat (around neck)
   (You found it on level 3 of the Dungeon)
 y - a ring of willpower (right hand)
   (You found it on level 3 of the Dungeon)
 A - a ring of protection from fire
   (You found it on level 5 of the Dungeon)
 J - a ring of wizardry
   (You found it on level 7 of the Dungeon)
Wands
 E - a wand of paralysis (6)
   (You found it on level 6 of the Dungeon)
 I - a wand of polymorph (5)
   (You found it on level 6 of the Dungeon)
 L - a wand of flame (21)
   (You found it on level 7 of the Dungeon)
Scrolls
 b - a scroll of immolation {!r}
 d - a scroll of vulnerability {unknown}
 f - a scroll of poison {!r}
 i - a scroll of teleportation {unknown}
 m - a scroll of silence {unknown}
 o - 2 scrolls of noise {!r}
 q - a scroll of amnesia {unknown}
 u - a scroll of fog {unknown}
 v - a scroll of enchant weapon
 F - a scroll of fear {unknown}
 G - 2 scrolls of magic mapping {unknown}
 K - a scroll of brand weapon {unknown}
Potions
 g - a potion of degeneration {unknown}
 h - 3 potions of curing {@q1}
 k - 2 potions of lignification {unknown}
 l - 3 potions of brilliance {unknown}
 n - a potion of cancellation {unknown}
 p - 2 potions of attraction {!q}
 r - 2 potions of flight {unknown}
 x - a potion of magic {unknown}
 z - 3 potions of invisibility
 C - 2 potions of berserk rage {unknown}
 D - a potion of haste {unknown}
 M - a potion of might {unknown}


   Skills:
 - Level 2.7 Fighting
 - Level 7.8 Ranged Weapons
 - Level 3.7 Dodging
 - Level 3.4 Stealth
 + Level 9.0 Spellcasting
 * Level 10.7 Poison Magic


You had 23 spell levels left.
You knew the following spells:

 Your Spells              Type           Power      Damage    Failure   Level
a - Olgreb's Toxic Radia  Pois           26%        N/A       1%          4

Your spell library contained the following spells:

 Spells                   Type           Power      Damage    Failure   Level
 Sting                    Tmut/Pois      60%        1d6       1%          1
 Poisonous Vapours        Pois/Air       30%        N/A       2%          2
 Apportation              Tloc           8%         N/A       16%         1
 Beastly Appendage        Tmut           8%         N/A       16%         1
 Alistair's Intoxication  Tmut/Pois      10%        N/A       43%         5


Dungeon Overview and Level Annotations

Branches:
Dungeon (8/15) Zot: 26764  Temple (0/1) D:5          Bailey (1/1) Zot: 5825
   Lair: D:8-11

Altars:
Cheibriados
Dithmenos
Fedhas
Gozag
Hepliaklqana
Kikubaaqudgha
Qazlal
Sif Muna
Trog
Uskayaw
Vehumet
Yredelemnul

Shops:
D:3 ?

Annotations:
D:3 rlgrobin's ghost, amateur MiFi
D:8 2 transporters, Joseph; zen1337's ghost, novice DsCj


Innate Abilities, Weirdness & Mutations

You are very small and have problems with some larger weapons.
You are too small for most types of armour.
You have supernaturally acute eyesight. (SInv)
You cover ground extremely quickly. (Speed+++)


Message History

Really read the scroll of poison?
The air fills with toxic fumes!
As you read the scroll of poison {!r}, it crumbles to dust.
Some shallow water.
Fire: a) +0 shortbow
Okay, then.
Really read
b - 2 scrolls of immolation {!r}?
Really read the scroll of immolation?
As you read the scroll of immolation {!r}, it crumbles to dust.
The creatures around you are filled with an inner flame!
Fire: a) +0 shortbow
Aim: a spriggan, wielding the +9 hand axe of Dim Light {freeze, rElec rPois} and wearing +0 ice dragon scales (poison gas, moderately wounded, inner flame, 47% to hit)
You shoot an arrow.
The arrow hits the spriggan but does no damage.
The ogre is engulfed in poison gas.
The ogre is poisoned.
Flame seeps out of the ogre.
The ogre misses you.
Fire: a) +0 shortbow
Aim: a spriggan, wielding the +9 hand axe of Dim Light {freeze, rElec rPois} and wearing +0 ice dragon scales (poison gas, moderately wounded, inner flame, 47% to hit)
You shoot an arrow. The arrow barely misses the spriggan.
The ogre is engulfed in poison gas.
The ogre looks even sicker.
Flame seeps out of the ogre.
The ogre misses you.
Okay, then.
You feel much better.
The spriggan hits you with the +9 hand axe of Dim Light {freeze, rElec rPois}!
* * * LOW HITPOINT WARNING * * *
The spriggan freezes you.
* * * LOW HITPOINT WARNING * * *
The ogre is engulfed in poison gas.
The ogre looks even sicker.
Flame seeps out of the ogre.
The ogre completely misses you.
Really fly into that cloud of poison gas?
You are engulfed in poison gas.
You are lethally poisoned!
* * * LOW HITPOINT WARNING * * *
* * * LOW HITPOINT WARNING * * *
You feel very sick.
Flame seeps out of the ogre.
Things that are here:
a +0 halberd; an ogre corpse You feel better.
You are engulfed in poison gas.
You are lethally poisoned!
* * * LOW HITPOINT WARNING * * *
* * * LOW HITPOINT WARNING * * *
You feel very sick.
Flame seeps out of the ogre.
The spriggan splashes around in the water.
The ogre is engulfed in poison gas.
The ogre looks as sick as possible!
Fedhas appreciates your contribution to the ecosystem.
The ogre explodes!
You hear a shout!
Okay, then.

♣..# ##.## O
.. ♣§§#
##§§§## # ..
#§§## #§☼§§§#
# .
#§☼###§§§☼§##
#.♣
♣☼§§§§§☼§§§○#
#.♣
#§§§§§§§§§☼○#
).
#§§§☼§§§§§☼§#
#
♣§☼○i☼○§§§§☼#
#
#§§§~@○§§§☼§#
♣
#♣§○###☼§§§§##
## ##§)##
#.§§§§# .♣#
##..## ##.○§##
..###♣#♣#..##
##.##
#.).......##
###
##.......##
#########


You could see a spriggan (inner flame).

Vanquished Creatures
  A two-headed ogre (D:8)
  Pikel (D:5)
  Sigmund (D:5)
  3 spriggans (Bailey)
  Menkaure (D:4)
  2 water moccasins
  2 black bears
  14 ogres
  2 centaurs (D:6)
  2 lemures (D:5)
  A phantom (D:5)
  2 bullfrogs
  A gnoll sergeant (D:5)
  A necrophage (D:7)
  2 scorpions
  2 water moccasin zombies (D:5)
  3 killer bees (D:7)
  2 orc priests
  4 hounds
  4 jellies
  5 iguanas
  2 scorpion zombies (D:5)
  6 orc wizards
  A hound zombie (D:5)
  Robin (D:4)
  5 gnolls (D:5)
  8 adders
  2 shadow imps (D:6)
  4 white imps
  4 worms
  3 dart slugs (D:5)
  9 orcs
  4 endoplasms
  6 giant cockroaches
  11 goblins
  14 hobgoblins
  3 jackals (D:2)
  3 quokkas
  6 ball pythons
  7 bats
  4 frilled lizards
  3 kobolds
  8 rats
170 creatures vanquished.

Vanquished Creatures (others)
  A fungus (D:4)
  3 plants (D:4)
4 creatures vanquished.

Grand Total: 174 creatures vanquished

Notes
Turn   | Place    | Note
-------+----------+-------------------------------------------
     0 | D:1      | GeoRichter the Spriggan Hunter began the quest for the Orb.
     0 | D:1      | Reached XP level 1. HP: 10/10 MP: 2/2
   254 | D:1      | Reached XP level 2. HP: 14/14 MP: 3/3
   273 | D:1      | Found a faded altar of an unknown god.
   901 | D:2      | Reached skill level 5 in Ranged Weapons
   901 | D:2      | Reached XP level 3. HP: 18/18 MP: 4/4
  2417 | D:3      | Reached XP level 4. HP: 22/22 MP: 5/5
  2505 | D:3      | Found Asycs's Magic Scroll Shoppe.
  2536 | D:3      | Bought a scroll of identify for 26 gold pieces
  2536 | D:3      | Bought a scroll of enchant weapon for 97 gold pieces
  2714 | D:3      | Found a hide-covered altar of Uskayaw.
  2951 | D:3      | Reached XP level 5. HP: 24/25 MP: 6/6
  3009 | D:3      | Found a runed translucent door.
  3014 | D:3      | Noticed rlgrobin's ghost (amateur MiFi)
  3351 | D:4      | Noticed Robin
  3369 | D:4      | Killed Robin
  3551 | D:4      | Noticed an ogre
  3571 | D:4      | Killed an ogre
  3686 | D:4      | Noticed an ogre
  3703 | D:4      | Killed an ogre
  3704 | D:4      | Reached XP level 6. HP: 30/30 MP: 7/7
  4004 | D:4      | Noticed Menkaure
  4033 | D:4      | Killed Menkaure
  4034 | D:4      | Reached XP level 7. HP: 7/35 MP: 8/8
  4300 | D:4      | Found a blossoming altar of Fedhas.
  4301 | D:4      | Found a stormy altar of Qazlal.
  4353 | D:4      | Became a worshipper of Fedhas Madash
  4376 | D:4      | Found a radiant altar of Vehumet.
  4472 | D:4      | Found an ancient bone altar of Kikubaaqudgha.
  4473 | D:4      | Found a shimmering blue altar of Sif Muna.
  4480 | D:4      | Got Sif Muna's Tractate on Metamorphosis
  4543 | D:4      | Found a shadowy altar of Dithmenos.
  4570 | D:4      | Learned a level 4 spell: Olgreb's Toxic Radiance
  4657 | D:5      | Entered Level 5 of the Dungeon
  4701 | D:5      | Reached skill level 1 in Spellcasting
  4701 | D:5      | Reached skill level 1 in Poison Magic
  4891 | D:5      | Found a staircase to the Ecumenical Temple.
  4930 | D:5      | Noticed Sigmund
  4935 | D:5      | Reached skill level 2 in Poison Magic
  4943 | D:5      | Killed Sigmund
  4944 | D:5      | Reached skill level 3 in Poison Magic
  4970 | D:5      | Found an opulent altar of Gozag.
  4970 | D:5      | Noticed Pikel
  4997 | D:5      | Killed Pikel
  4998 | D:5      | Reached skill level 5 in Poison Magic
  4998 | D:5      | Reached XP level 8. HP: 39/39 MP: 12/15
  5222 | D:5      | Reached skill level 6 in Poison Magic
  5338 | D:5      | Reached skill level 5 in Spellcasting
  5384 | D:5      | Found a basalt altar of Yredelemnul.
  5636 | D:5      | Reached * piety under Fedhas
  5875 | D:5      | Reached skill level 7 in Poison Magic
  5875 | D:5      | Reached XP level 9. HP: 42/43 MP: 18/18
  6784 | D:6      | Found the -2 hat of the Alchemist {rElec rPois rF+ rC+ rN+
                  | Will+ rMut rCorr}
  6804 | D:6      | Reached skill level 8 in Poison Magic
  7017 | D:6      | Reached ** piety under Fedhas
  7762 | D:7      | Found a snail-covered altar of Cheibriados.
  7846 | D:7      | Found a hazy altar of Hepliaklqana.
  7935 | D:7      | Reached skill level 9 in Poison Magic
  8271 | D:8      | Noticed a two-headed ogre
  8277 | D:8      | Found a transporter.
  8312 | D:8      | Killed a two-headed ogre
  8327 | D:8      | Noticed a moth of wrath
  8329 | D:8      | Noticed zen1337's ghost (novice DsCj)
  8331 | D:8      | Found a bloodstained altar of Trog.
  8351 | D:8      | Found a transporter.
  8361 | D:8      | Found a flagged portal.
  8381 | D:8      | Noticed Joseph
  8556 | Bailey   | Entered a bailey
  8578 | Bailey   | Reached XP level 10. HP: 47/47 MP: 3/23
  8579 | Bailey   | Reached skill level 10 in Poison Magic
  8719 | Bailey   | Identified the +9 hand axe of Dim Light {freeze, rElec
                  | rPois}
  8741 | Bailey   | HP: 2/47 [ogre/+0 halberd (16)]
  8750 | Bailey   | HP: 1/47 [poisoned by you (poison gas)]
  8751 | Bailey   | Quit the game

Illustrated notes

Levels and vault maps discovered:
D:1:      dpeg_arrival_orchard, layout_basic,
          shapermc_ecumenical_altar_flowoftime
D:2:      layout_loops_corners, kennysheep_potato
D:3:      layout_loops_cross, nicolae_uskayaw_suspiria, serial_shops,
          nicolae_shop_window_shopping, gammafunk_ghost_grave
D:4:      layout_loops_ring, grunt_temple_overflow_forces_of_nature,
          grunt_temple_overflow_magic_moments, kennysheep_mini,
          corexii_checkpoint_b, uniq_robin, uniq_menkaure
D:5:      layout_loops_ring, nicolae_gozag_seed_capital,
          nicolae_yredelemnul_corpse_copse, minmay_temple_entry_large_hall,
          uniq_sigmund, uniq_pikel
D:6:      layout_cave_pools, serial_column_ruins, column_ruins_square_medium,
          column_ruins_grid_3, column_ruins_columns_straight,
          column_ruins_columns_corner, column_ruins_grid_1,
          column_ruins_open_tiny
D:7:      layout_loops_cross, mainiacjoe_overflow_tiny_flanked,
          mainiacjoe_overflow_chevrons
D:8:      layout_rooms, enter_bailey_8, gammafunk_ghost_wrathful_warriors,
          uniq_joseph
Bailey:   bailey_polearm_enchanted_keep_hellmonk, bailey

Skill      XL: |  1  2  3  4  5  6  7  8  9 10 |
---------------+-------------------------------+-----
Ranged Weapons | 5 6 7 |  7.8
Dodging        | 3 |  3.7
Stealth        | 2 3 |  3.4
Fighting       | 2 |  2.7
Spellcasting   | 4 5 8 9 |  9.0
Poison Magic   | 5 7 9 10 | 10.7

Action                   |  1- 3 |  4- 6 |  7- 9 | 10-12 || total
-------------------------+-------+-------+-------+-------++-------
 Fire: Shortbow          |   129 |   137 |   396 |    27 ||   689
 Cast: Olgreb's Toxic Ra |       |       |     5 |     6 ||    11
  Use: Scroll            |       |     4 |     4 |     3 ||    11
       Potion            |       |       |       |     4 ||     4
Armor: Robe              |     4 |     3 |    15 |       ||    22
Dodge: Dodged            |    31 |    30 |   152 |     9 ||   222
